Dora, chaotic female orcish Barbarian ------ ------------------------------- |...(I## ...............................| |....| -------- ----------- | |..<..# |....|# ---.-- ## # ###### Dora the Bandit Experience level: 6 Strength: 17 Dexterity: 16 Constitution: 17 Intelligence: 8 Wisdom: 12 Charisma: 6 Health: 0(69) Energy: 12(12) Def: 2 Gold: 128 Moves: 2964 Dungeon seed: v41yifZr8RVvKYiT Game ID: Dora_1545225979 Your Inventory: Coins $ - 128 gold pieces Weapons a - a +0 battle-axe (weapon in hands) b - a +0 orcish short sword w - 24 +0 darts (in quiver) B - 4 blessed +0 daggers K - 11 poisoned +0 orcish arrows M - the +0 Sunsword Armor e - an uncursed +0 orcish ring mail (being worn) N - an uncursed +0 dwarvish mithril-coat Y - a blessed +1 dwarvish iron helm Scrolls m - an uncursed scroll of identify t - 2 uncursed scrolls of teleportation Potions k - an uncursed potion of paralysis p - an uncursed potion of invisibility s - an uncursed potion of fruit juice I - an uncursed potion of hallucination T - an uncursed potion of water Wands r - a wand of cold (0:7) F - a wand of enlightenment (0:11) Tools d - an uncursed oil lamp (0:996) j - an uncursed towel u - an uncursed lock pick z - an uncursed tin whistle G - 3 uncursed tallow candles (0:200) H - a cursed tallow candle (0:200) O - a blessed oil lamp (0:1423) Gems n - 3 uncursed worthless pieces of violet glass q - an uncursed worthless piece of blue glass P - an uncursed worthless piece of black glass S - 2 uncursed worthless pieces of white glass Spells and supernatural/magical abilities: Name Level Category Fail Memory W - pray for help -- divine ? -- Your skills at the end: Fighting Skills bare handed combat [Basic] Weapon Skills axe [Basic] short sword [Basic] Spellcasting Skills Final Attributes: You were piously aligned. You were poison resistant. You had infravision. You are dead. Vanquished creatures: a gnome king a housecat a human zombie a bugbear 2 Uruk-hai a shrieker 2 gnome lords a baby crocodile a kitten 3 dwarves a rothe an iguana 2 gas spores 2 hobbits a giant rat 11 gnomes a gnome zombie 3 jackals a kobold 3 goblins 2 sewer rats 3 grid bugs 3 bats 3 lichens 2 kobold zombies 4 newts 57 creatures vanquished. Voluntary challenges: You were an atheist. You used a wielded weapon 51 times, starting on turn 28. You read items or engraved 4 times, starting on turn 6. You never genocided any monsters. You never polymorphed an object. You never changed form. You used no wishes. You never split a pudding. You wrote Elbereth's name 2 times, starting on turn 872. You violated your moral code, losing 39 points of alignment, starting on turn 315. Dungeon overview: The Dungeons of Doom: levels 1 to 4 Level 1 a long staircase Level 2 Level 3 a fountain Level 4 stairs to The Gnomish Mines The Gnomish Mines: levels 5 to 7 Level 5 stairs to The Dungeons of Doom Level 6 Level 7 <- You were here History has recorded: On T:1 you entered the Dungeons of Doom to retrieve the Amulet of Yendor! On T:443 you advanced to experience level 2. On T:464 you reached level 2 of The Dungeons of Doom. On T:878 you reached level 3 of The Dungeons of Doom. On T:1153 you advanced to experience level 3. On T:1250 you reached level 4 of The Dungeons of Doom. On T:1620 you reached level 1 of The Gnomish Mines. On T:1632 you advanced to experience level 4. On T:1850 you reached level 2 of The Gnomish Mines. On T:1886 you advanced to experience level 5. On T:2539 you advanced to experience level 6. On T:2666 you reached level 3 of The Gnomish Mines. Score breakdown: Gold: 128 ( 7179 points) Experience: 6 levels (12456 points) Exploration: 7 levels ( 14.29%) (10606 points) Discoveries: 2 items ( 0.82%) ( 2710 points) Valuables value: (no points given unless you survive) Artifact value: 1500 (10804 points) Variety of kills: 26 monsters ( 6.82%) ( 7836 points) Turncount: 2964 turns ( -582 points) Survival: died (score multiplied by 80%) Total score: 40807 Latest messages: The gnomish wizard escapes upstairs! You faint from lack of food. You come to. You faint from lack of food. You come to. You faint from lack of food. You come to. You fall down the stairs. You faint from lack of food. You come to. You faint from lack of food. You come to. You drop a pick-axe. Your movements are now unencumbered. You faint from lack of food. It hits! (12x) You come to. The paper golem hits! You faint from lack of food. It hits! (19x) You die... Final status: Goodbye Dora the Barbarian, killed by a paper golem, while fainted from lack of food... You died in The Gnomish Mines on dungeon level 7 with 40807 points, and 128 pieces of gold, after 2964 moves. You were level 6 with a maximum of 69 hit points when you died.